 Dungeon Crawl Stone Soup version 0.28.0-47-ge53b351184 (webtiles) character file.

Game seed: 16614032223601541819

113 ultragoat the Chiller (level 5, -3/52 HPs)
             Began as a Human Ice Elementalist on May 7, 2022.
             Was an Initiate of Vehumet.
             Killed from afar by Natasha (8 damage)
             ... with a magic dart
             ... on level 4 of the Dungeon.
             The game lasted 00:14:54 (3106 turns).

ultragoat the Chiller (Human Ice Elementalist)      Turns: 3106, Time: 00:14:56

Health: -3/52      AC: 22    Str:  8    XL:     5   Next: 17%
Magic:  8/9        EV:  2    Int: 18    God:    Vehumet [......]
Gold:   102        SH:  0    Dex: 13    Spells: 4/9 levels left

rFire   . . .      SeeInvis .   (no weapon)
rCold   . . .      Faith    .   (no shield)
rNeg    . . .      Spirit   .   (armour currently unavailable)
rPois   +          Reflect  .   (helmet currently unavailable)
rElec   .          Harm     .   (cloak currently unavailable)
rCorr   .          Rampage  .   (gloves currently unavailable)
Will    .....      NoTele   +   (boots currently unavailable)
Stlth   ++........              d - amulet of magic regeneration
HPRegen 0.17/turn               (no ring)
MPRegen 0.51/turn               (no ring)

@: tree-form, attractive, very slightly contaminated, hasted and slowed,
studying Invocations
A: stationary, stasis, torment immunity, boosted hp
a: Renounce Religion


You were on level 4 of the Dungeon.
You worshipped Vehumet.
Vehumet was noncommittal.
You were a tree.
You visited 2 branches of the dungeon, and saw 5 of its levels.

You collected 102 gold pieces.

Inventory:

Missiles
 j - a throwing net
Armour
 a - a +0 robe (melded)
 f - a +0 cloak (melded)
Jewellery
 d - an amulet of magic regeneration (around neck)
Scrolls
 h - a scroll of acquirement {unknown}
 i - a scroll of magic mapping {unknown}
 k - a scroll of teleportation {unknown}
 l - a scroll of identify
Potions
 b - 2 potions of flight


   Skills:
 + Level 2.8 Dodging
 * Level 2.7 Stealth
 + Level 2.7 Spellcasting
 - Level 0.6 Conjurations
 * Level 4.6 Ice Magic
 - Level 1.9 Invocations


You had 4 spell levels left.
You knew the following spells:

 Your Spells              Type           Power      Damage    Failure   Level
a - Freeze                Ice            76%        1d9       2%          1
b - Frozen Ramparts       Ice            38%        1d5       8%          3
c - Magic Dart            Conj           16%        1d3       13%         1

Your spell library contained the following spells:

 Spells                   Type           Power      Damage    Failure   Level
 Ozocubu's Armour         Ice            19%        N/A       8%          3
 Searing Ray              Conj           8%         2d4       19%         2
 Hailstorm                Conj/Ice       12%        3d5       50%         4
 Fulminant Prism          Conj/Hex       1%         3d6       82%         4


Dungeon Overview and Level Annotations

Branches:
Dungeon (4/15)             Temple (1/1) D:4

Altars:
Ashenzari
Cheibriados
Elyvilon
Fedhas
Gozag
Hepliaklqana
Kikubaaqudgha
Makhleb
Qazlal
Ru
Sif Muna
Trog
Vehumet
Wu Jian
Yredelemnul
Zin

Shops:
D:4 *

Annotations:
D:4 Natasha


Message History

Natasha howls an incantation.
You feel disoriented. Natasha claws you!
* * * LOW HITPOINT WARNING * * *
Casting: Freeze (safe; 2% risk of failure)
Confirm with . or Enter, or press ? or * to list all spells.
Aiming: Freeze (safe; 2% risk of failure)
Press: ? - help, Shift-Dir - straight line, f/p - Natasha
Aim: Natasha (lightly wounded)
You miscast Freeze.
You are very lightly contaminated with residual magic.
Nothing appears to happen.
Natasha casts a spell at you.
You feel as though you will be slow longer.
The crimson imp blinks!
It was a potion of lignification.
You turn into a tree.
Your +0 cloak melds into your body.
Your +0 robe melds into your body.
Your roots penetrate the ground.
Natasha stares at you and mumbles some strange words.
You feel as though you will be slow longer.
Casting: Freeze (safe; 2% risk of failure)
Confirm with . or Enter, or press ? or * to list all spells.
Aiming: Freeze (safe; 2% risk of failure)
Press: ? - help, Shift-Dir - straight line, f/p - Natasha
Aim: Natasha (lightly wounded)
You freeze Natasha!
Natasha is heavily wounded.
Natasha casts a spell at you.
The magic dart hits you but does no damage.
The crimson imp is attracted toward you.
Casting: Freeze (safe; 2% risk of failure)
Confirm with . or Enter, or press ? or * to list all spells.
Aiming: Freeze (safe; 2% risk of failure)
Press: ? - help, Shift-Dir - straight line, f/p - Natasha
Aim: Natasha (heavily wounded)
You freeze Natasha.
Natasha is almost dead.
Natasha casts a spell at you. The magic dart hits you!
You die...

#...####..###..8##
##....##⌠.⌠##...##
#........∩.##..##
#..#####
##....⌠.⌠...##
#...#...
##........## ###
#......#
##......## ....
....# #......###
...# #<.#
#...§.5Bh##..#
#..#
##..#####♣...#
#..# # ##...#
############..# ##
###....##
#....).>...###.
#...(...##
#...(..........
......###..##
##.#########....
....## ##..## #..#
##... ####
##..###..# #...
##..##..### #...
##.......# ##..


You could see Natasha, a crimson imp (summoned) and a giant cockroach.

Vanquished Creatures
  2 gnolls
  3 adders
  An adder skeleton (D:4)
  4 worms
  An orc (D:3)
  9 bats
  3 endoplasms
  A giant cockroach (D:2)
  6 goblins
  3 hobgoblins
  3 jackals
  2 kobolds (D:3)
  2 quokkas (D:2)
  7 ball pythons
  2 frilled lizards (D:2)
  A rat (D:2)
50 creatures vanquished.

Vanquished Creatures (others)
  A fungus (D:3)
  4 plants (D:3)
5 creatures vanquished.

Grand Total: 55 creatures vanquished

Notes
Turn   | Place    | Note
-------+----------+-------------------------------------------
     0 | D:1      | ultragoat the Human Ice Elementalist began the quest for
                  | the Orb.
     0 | D:1      | Reached XP level 1. HP: 13/13 MP: 3/3
   489 | D:1      | Reached XP level 2. HP: 19/19 MP: 0/5
   913 | D:2      | Reached XP level 3. HP: 23/24 MP: 2/6
   957 | D:2      | Learned a level 3 spell: Frozen Ramparts
   995 | D:2      | Learned a level 1 spell: Magic Dart
  1349 | D:2      | Reached XP level 4. HP: 30/30 MP: 2/7
  1858 | D:3      | Found a faded altar of an unknown god.
  1924 | D:3      | Noticed a necrophage
  1949 | D:2      | Reached skill level 1 in Invocations
  2554 | D:3      | Found a broken altar of Ashenzari.
  2661 | D:3      | Reached XP level 5. HP: 35/35 MP: 6/8
  2871 | D:4      | Found Jatotuon's Assorted Antiques.
  2900 | D:4      | Found a staircase to the Ecumenical Temple.
  2921 | D:4      | Noticed Natasha
  2924 | Temple   | Entered the Ecumenical Temple
  3000 | Temple   | Became a worshipper of Vehumet
  3106 | D:4      | Killed from afar by Natasha

Illustrated notes

Levels and vault maps discovered:
D:1:      wheals_arrival_linesprint, layout_loops_ring, due_unseen_surprise
D:2:      layout_rooms
D:3:      layout_basic, lemuel_coloured_pillars_altar,
          dreamdust_ecumenical_altar_grove, grunt_ministairs_2
D:4:      layout_layer_cave, tso_metal_star, temple_statues,
          ebering_ghost_disaster_area, serial_shops, shop_fountains,
          uniq_natasha, uniq_pikel
Temple:   minmay_crystal_spiral_temple

Skill      XL: |  1  2  3  4 |
---------------+-------------+-----
Invocations    | 1 |  1.9
Dodging        | |  2.8
Stealth        | |  2.7
Spellcasting   | |  2.7
Conjurations   | |  0.6
Ice Magic      | |  4.6

Action                   |  1- 3 |  4- 6 || total
-------------------------+-------+-------++-------
Melee: Unarmed           |     2 |     4 ||     6
 Cast: Freeze            |    45 |    47 ||    92
       Magic Dart        |     2 |    12 ||    14
  Use: Scroll            |     2 |       ||     2
       Potion            |       |     4 ||     4
Armor: Robe              |     4 |    15 ||    19
       Skin              |       |     1 ||     1
Dodge: Dodged            |    28 |    52 ||    80
